 Dungeon Crawl Stone Soup version 0.20-a0-795-ga03948b (webtiles) character file.

677654 Alarkh the Warrior (level 27, -4/305 HPs)
             Began as a Demonspawn Monk on Mar 1, 2017.
             Was the Champion of Okawaru.
             Killed by divine providence
             ... invoked by a mummy priest
              (9 damage)
             ... on level 1 of the Tomb of the Ancients.
             The game lasted 04:09:38 (83231 turns).

Alarkh the Warrior (Demonspawn Monk)               Turns: 83231, Time: 04:09:39

Health: -4/305     AC: 32    Str: 12    XL:     27
Magic:  0/33       EV: 34    Int: 23    God:    Okawaru [******]
Gold:   4952       SH: 17    Dex: 28    Spells: 23/56 levels left

rFire    + . .     SeeInvis +   a - +9 demon blade (slice)
rCold    + + +     Gourm    .   (armour currently unavailable)
rNeg     + . .     Faith    +   R - +2 shield "Kinlipse" {rC++}
rPois    ∞         Spirit   +   (helmet unavailable)
rElec    +         Reflect  .   W - scarf of the Iron City of Dis {+Fly Regen+}
rCorr    .         Harm     .   (gloves currently unavailable)
MR       +++..     Rnd*Tele +   (boots currently unavailable)
Stlth    ++++++++++             n - amulet of faith
Regen    1.0/turn               X - ring "Womog" {rElec MR+ MP-9 SInv}
MPRegen  0.5/turn               I - +5 ring of slaying

@: agile, statue-form, aura of abjuration, very slightly contaminated, studying
2 skills, drained, very slow
A: claws 1, horns 3, talons 1, thin skeletal structure 3, camouflage 1, blink,
cold resistance 1, fire resistance 1, mutation resistance 1, nightstalker 3,
robust 1, screaming 1, teleportitis 1, augmentation 3, magic shield, magic
regeneration, magic link
}: 4/15 runes: serpentine, barnacled, slimy, silver
a: End Transformation, Blink, Heroism, Finesse, Renounce Religion, Evoke Flight


You were on level 1 of the Tomb of the Ancients.
You worshipped Okawaru.
Okawaru was exalted by your worship.
You were hungry.
You were a stone statue.
You visited 12 branches of the dungeon, and saw 54 of its levels.
You visited the Abyss 1 time.
You also visited: Trove, Sewer, Volcano and Wizlab.

You collected 9477 gold pieces.
You spent 4525 gold pieces at shops.

Inventory:

Hand Weapons
 a - a +9 demon blade of slicing (weapon)
 b - a +9 antimagic double sword
 w - the +9 staff of Wucad Mu {channel}
   (You found it in a wizard's laboratory)
Armour
 e - +8 fire dragon scales
 l - the +2 pair of gloves "Laost" (melded) {*Drain rC+ Dex+3}
   (Okawaru gifted it to you on level 5 of the Vaults)

   It affects your dexterity (+3).
   It protects you from cold.
   It causes draining when unequipped.
 C - the +0 large shield of the Good {rElec rC+ Str+2}
   (You took it off an orc warlord on level 5 of the Vaults)

   It affects your strength (+2).
   It protects you from cold.
   It insulates you from electricity.
 G - the +2 pair of boots of Okawaru's Approval (melded) {Dex+6}
   (Okawaru gifted it to you on level 4 of the Snake Pit)

   It affects your dexterity (+6).
 R - the +2 shield "Kinlipse" (worn) {rC++}
   (Okawaru gifted it to you on level 4 of the Shoals)

   It greatly protects you from cold.
 W - the scarf of the Iron City of Dis (worn) {+Fly Regen+}
   (Okawaru gifted it to you on level 3 of the Depths)

   It lets you fly.
   It increases your rate of regeneration.
Jewellery
 n - an amulet of faith (around neck)
 r - the ring of Ynwaogh {rCorr rPois rN+}
   (You bought it in a shop on level 1 of the Snake Pit)

   [ring of resist corrosion]

   It protects you from poison.
   It protects you from negative energy.
 I - a +5 ring of slaying (left claw)
 X - the ring "Womog" (right claw) {rElec MR+ MP-9 SInv}
   (You took it off an orc warlord on level 5 of the Vaults)

   [ring of protection from magic]

   It insulates you from electricity.
   It affects your resistance to hostile enchantments.
   It affects your magic capacity (-9).
   It lets you see invisible.
Wands
 d - a wand of digging (5/24)
 M - a wand of disintegration (7/24)
 P - a wand of acid (5/15)
Scrolls
 j - 7 scrolls of identify
 v - 12 scrolls of recharging
 x - 3 scrolls of fear
 y - 2 scrolls of enchant armour
 z - 2 scrolls of vulnerability
 A - 8 scrolls of remove curse
 H - 10 scrolls of fog
 Q - a scroll of silence
 S - 3 scrolls of magic mapping
Potions
 g - 20 potions of curing
 h - 7 potions of might
 i - 2 potions of cancellation
 p - a potion of flight
 q - 2 potions of haste
 B - 4 potions of magic
 D - a potion of brilliance
 F - 2 potions of mutation
 K - 2 potions of resistance
 N - 2 potions of invisibility
 V - 2 potions of agility
Books
 f - a manual of Fighting
 k - a manual of Charms
Miscellaneous
 u - a lightning rod (4/4)
 J - a lightning rod (4/4)
Comestibles
 c - 31 bread rations
 m - 2 meat rations
 o - 2 royal jellies
 L - 2 fruits


   Skills:
 - Level 17.1 Fighting
 - Level 16.0(15.9) Long Blades
 - Level 15.3(15.2) Armour
 - Level 15.0(14.9) Dodging
 - Level 8.0(7.9) Stealth
 - Level 15.7(15.6) Shields
 + Level 15.3 Spellcasting
 + Level 16.5 Conjurations
 + Level 16.5(16.4) Summonings
 * Level 8.2 Transmutations
 + Level 15.4 Earth Magic
 - Level 8.0(7.9) Invocations
 - Level 8.0(7.9) Evocations


You had 23 spell levels left.
You knew the following spells:

 Your Spells              Type           Power        Failure   Level  Hunger
a - Iron Shot             Conj/Erth      ######....   1%          6    ####...
b - Blink                 Tloc           N/A          6%          2    None
c - Spellforged Servitor  Conj/Summ      #######...   3%          7    ######.
d - Deflect Missiles      Chrm/Air       ###.......   100%        6    ####...
e - Statue Form           Tmut/Erth      ######...    4%          6    ####...
r - Aura of Abjuration    Summ           #######...   1%          5    ##.....
t - Apportation           Tloc           ###...       3%          1    None


Dungeon Overview and Level Annotations

Branches:
Dungeon (15/15)            Temple (1/1) D:6            Lair (6/6) D:11
 Shoals (4/4) Lair:2        Snake (4/4) Lair:4        Slime (5/5) Lair:5
    Orc (2/2) D:11            Elf (3/3) Orc:2        Vaults (5/5) D:13
  Crypt (3/3) Vaults:2       Tomb (1/3) Crypt:3      Depths (5/5) D:15
    Zot (0/5) Depths:5

Altars:
Ashenzari
Cheibriados
Dithmenos
Elyvilon
Fedhas
Gozag
Hepliaklqana
Kikubaaqudgha
Makhleb
Nemelex Xobeh
Okawaru
Qazlal
Ru
Sif Muna
Trog
Uskayaw
Vehumet
Wu Jian
Xom
Yredelemnul
Zin
The Shining One
Beogh
Lugonu

Shops:
D:4 *   D:14 =   Orc:2 (?!([}   Elf:2 (   Shoals:1 (   Snake:1 (}=}
Vaults:1 ??   Depths:4 :

Portals:
Hell: Depths:1 Depths:2 Depths:3 Depths:4 Depths:5
Abyss: Depths:1 Depths:4 Depths:5
Pandemonium: Depths:2 Depths:3
Ziggurat: Depths:4


Innate Abilities, Weirdness & Mutations

You have a pair of large horns on your head.
You have an unnaturally thin skeletal structure. (Dex +6, Stealth++)
You are completely attuned to the shadows.
Your magical and physical power is greatly enhanced at high health.
When hurt, damage is shared between your health and your magic reserves.
You regenerate magic rapidly.
When low on magic, you restore magic in place of health.
You have sharp fingernails.
You have sharp toenails.
Your skin changes colour to match your surroundings (Stealth+).
You can translocate small distances at will.
Your flesh is cold resistant. (rC+)
Your flesh is heat resistant. (rF+)
You are somewhat resistant to further mutation.
You are robust. (+10% HP)
You occasionally shout uncontrollably at your foes.
You are occasionally teleported next to monsters.


Message History

The vampire disappears in a puff of smoke!
You block the snapping turtle zombie's attack.
Unknown command.
You slash the greater mummy! Your kick misses the greater mummy.
The greater mummy is severely damaged.
The greater mummy completely misses you.
The skeletal warrior hits you but does no damage.
The snapping turtle zombie closely misses you.
The greater mummy gestures at you while chanting.
Something smites you!
* * * LOW HITPOINT WARNING * * *
You feel agile all of a sudden.
The guardian mummy is no longer moving slowly.
You block the greater mummy's attack.
The mummy priest calls on the powers of darkness!
You feel a surge of unholy energy.
The greater mummy casts a spell.
The mummy priest invokes the aid of its god against you.
Something smites you!
You die...

.................................
#################################
####### .......# ...§M.s#
...MM8M# ...MMMz# ....M.Z#
.....s... M........ MM.....##
.WM....#


You could see 2 greater mummies, 4 mummy priests, a skeletal warrior, 2 guardian
mummies, 2 death scarabs and a snapping turtle zombie.

Vanquished Creatures
  the Royal Jelly (Slime:5)
  Dissolution (Slime:3)
  Khufu (Tomb:1)
  3 juggernauts
  2 ancient liches
  3 greater mummies (Tomb:1)
  Boris (Vaults:5)
  Vashnia (Snake:3)
  Saint Roka (Depths:2)
  Frederick (Tomb:1)
  Margery (Depths:1)
  Nikola (Elf:2)
  9 golden dragons
  The ghost of esteth the Slayer, an adept MiFi of Qazlal (Vaults:3)
  2 bone dragons (Crypt:3)
  5 liches
  7 tentacled monstrosities
  Jorgrun (Vaults:1)
  2 deep elf blademasters
  7 titans
  2 quicksilver dragons (Depths:5)
  25 acid blobs
  2 deep elf master archers (Elf:3)
  10 sphinxes
  10 ancient champions
  A tentacled starspawn (Abyss:2)
  14 tengu reavers
  5 storm dragons
  10 shadow dragons
  18 fire giants
  11 nagarajas
  A revenant (Crypt:2)
  Ilsuiw (Shoals:4)
  12 frost giants
  Roxanne (Shoals:2)
  12 azure jellies
  3 orc warlords
  A fire giant (shapeshifter) (Vaults:5)
  4 deep elf sorcerers
  A draconian scorcher (Depths:5)
  18 vault wardens
  Louise (Shoals:2)
  2 juggernaut zombies
  13 ironheart preservers
  A draconian shifter (Depths:5)
  7 deep elf elementalists
  3 spriggan defenders
  6 ghouls
  25 stone giants
  22 very ugly things
  4 war gargoyles (Vaults:5)
  4 vampire knights
  An entropy weaver (Vaults:4)
  A reaper (Depths:2)
  2 bennus (Tomb:1)
  Nessos (D:14)
  12 deep elf demonologists
  The ghost of Sapher the Grappler, a journeyman GrTm of Wu Jian (Snake:4)
  A dire elephant (Lair:6)
  2 spark wasps
  2 red draconians (Depths:5)
  2 yellow draconians (Depths:5)
  A purple draconian (Depths:5)
  13 deep elf annihilators
  7 merfolk javelineers
  The ghost of Graouh the Blocker, a journeyman MiFi (D:11)
  2 eidola (Crypt:3)
  7 merfolk impalers
  Snorg (Orc:1)
  12 deep elf death magi
  A crystal guardian (Vaults:4)
  17 ettins
  12 fire dragons
  4 death oozes
  Josephine (D:14)
  6 jiangshi
  9 deep elf high priests
  A mummy priest (Crypt:3)
  15 yaktaur captains
  Fannar (Lair:1)
  14 naga warriors
  Harold (Lair:4)
  13 great orbs of eyes
  32 vault guards
  7 hydras
  4 rakshasas
  4 merfolk avatars
  4 catoblepae
  13 ice dragons
  15 anacondas
  6 merfolk aquamancers
  A spriggan air mage (Depths:3)
  Erica (D:7)
  13 centaur warriors
  18 ogre magi
  2 alligator snapping turtles
  9 vampire magi
  7 deep troll earth magi
  7 deep troll shamans
  4 death knights
  3 satyrs
  25 dancing weapons
  65 two-headed ogres
  An orc high priest (Elf:1)
  9 shock serpents
  6 tengu warriors
  4 death yaks
  4 spriggan berserkers
  13 naga sharpshooters
  A titan skeleton (Crypt:3)
  2 soul eaters
  2 sun demons (Depths:2)
  2 iron trolls
  19 deep elf knights
  A sixfirhy (Depths:2)
  21 hell knights
  Nergalle (D:11)
  2 shadow wraiths
  47 skeletal warriors
  9 salamander mystics
  A glowing orange brain (shapeshifter) (Vaults:4)
  9 wizards
  An unseen horror (D:15)
  A torturous demonspawn (Depths:2)
  12 sea snakes
  3 glowing orange brains
  A shadow demon (Depths:2)
  27 deep trolls
  6 naga ritualists
  13 deep elf archers
  Pikel (D:4)
  5 flayed ghosts
  A sphinx zombie (Depths:1)
  2 tengu zombies
  7 phantasmal warriors
  4 lindwurms (Lair:6)
  12 orc knights
  An anaconda skeleton (Crypt:3)
  2 orange crystal statues
  49 deep elf magi
  30 harpies
  18 ironbrand convokers
  3 necromancers
  A golden dragon skeleton (Crypt:2)
  An orb spider (shapeshifter) (Vaults:2)
  2 orc sorcerers
  9 mana vipers
  A cyclops (shapeshifter) (Vaults:1)
  50 ugly things
  6 oklob plants
  12 manticores
  A stone giant zombie (Crypt:1)
  2 shadow dragon skeletons (Crypt:3)
  4 wolf spiders
  7 cyclopes
  2 shining eyes (Slime:5)
  8 fauns
  A manticore (shapeshifter) (Vaults:3)
  A shining eye (shapeshifter) (Vaults:2)
  20 vault sentinels
  12 salamanders
  A fire giant zombie (Crypt:1)
  3 stone giant skeletons
  15 merfolk sirens
  Maurice (Orc:2)
  3 fire giant skeletons
  3 iron dragon skeletons (Crypt:3)
  4 centaur zombies
  2 elephants (Lair:6)
  33 black mambas
  9 water nymphs
  A frost giant skeleton (Crypt:3)
  22 naga magi
  13 guardian serpents
  A smoke demon (Depths:2)
  5 torpor snails (Lair:6)
  2 dire elephant skeletons (Crypt:3)
  An orange demon (Depths:2)
  8 spiny frogs
  A gargoyle (D:11)
  3 eyes of devastation
  A yaktaur zombie (Depths:1)
  3 rime drakes (Lair:6)
  An efreet (D:15)
  7 freezing wraiths
  4 komodo dragons
  52 yaktaurs
  A yellow draconian zombie (Crypt:1)
  A tormentor (Depths:2)
  9 guardian mummies
  A rime drake (shapeshifter) (Depths:2)
  A white draconian skeleton (Crypt:3)
  A hellwing (Depths:2)
  A red devil (Depths:2)
  10 trolls
  An iron troll skeleton (Crypt:3)
  24 merfolk
  3 polar bears (shapeshifter)
  3 tyrant leeches (Lair:6)
  A queen bee (D:12)
  5 tengu conjurers
  14 hornets
  A wolf spider simulacrum (D:15)
  3 meliai (D:12)
  A meliai (shapeshifter) (Vaults:5)
  5 wind drakes
  A merfolk (shapeshifter) (Depths:4)
  46 slime creatures
  2 ettin zombies
  A fire giant simulacrum (Depths:1)
  A hydra skeleton (Crypt:3)
  5 blink frogs
  2 bog bodies
  3 meliai zombies
  10 snapping turtles
  A hippogriff (shapeshifter) (Vaults:3)
  16 dream sheep
  12 hippogriffs
  A tarantella zombie (Crypt:2)
  A centaur simulacrum (D:14)
  A guardian serpent skeleton (Crypt:1)
  3 spriggans
  11 flying skulls
  A tarantella (shapeshifter) (Vaults:3)
  An ettin skeleton (Crypt:3)
  11 redbacks
  11 wraiths
  2 ynoxinuls
  A redback (shapeshifter) (Depths:4)
  A tarantella (Vaults:4)
  A wyvern (shapeshifter) (Elf:2)
  2 shadows
  2 ice dragon skeletons
  2 fire elementals
  A human (shapeshifter) (D:14)
  4 wyverns
  5 air elementals
  3 basilisks
  21 yaks
  2 steam dragons
  2 chaos spawn
  2 yaks (shapeshifter)
  A hungry ghost (D:8)
  3 neqoxecs (Depths:2)
  30 water elementals
  5 vampires
  4 vampire mosquitoes (D:13)
  2 wargs
  A large abomination (Abyss:2)
  A soldier ant (shapeshifter) (Vaults:4)
  A swamp worm (shapeshifter) (Depths:4)
  2 insubstantial wisps (D:11)
  3 acid dragons (D:11)
  A water moccasin (shapeshifter) (Vaults:1)
  69 nagas
  2 hell hounds (D:11)
  13 water moccasins
  6 porcupines
  3 black bears
  A merfolk skeleton (Crypt:2)
  A floating eye (shapeshifter) (Vaults:5)
  60 orc warriors
  A spiny frog skeleton (Crypt:3)
  2 phantoms
  A faun skeleton (Crypt:1)
  2 floating eyes (Depths:4)
  7 sky beasts
  A hornet zombie (Crypt:3)
  5 ice beasts
  A dream sheep zombie (Crypt:1)
  5 eyes of draining
  3 necrophages
  A boggart (shapeshifter) (Vaults:4)
  52 ogres
  A black bear (shapeshifter) (Vaults:4)
  An eye of draining (shapeshifter) (Depths:4)
  A hog zombie (Crypt:2)
  An ogre (shapeshifter) (Vaults:2)
  2 snapping turtle skeletons
  12 boggarts
  22 wolves
  23 centaurs
  A swamp dragon skeleton (Crypt:3)
  15 crocodiles
  A hog skeleton (Crypt:3)
  14 bullfrogs
  3 big kobolds
  2 earth elementals
  A wyvern zombie (D:11)
  A glowing shapeshifter simulacrum (Vaults:1)
  A komodo dragon skeleton (Crypt:3)
  A gnoll sergeant (Orc:1)
  2 wyvern skeletons
  A yaktaur skeleton (Crypt:1)
  2 scorpions (D:11)
  A killer bee (shapeshifter) (Vaults:5)
  38 killer bees
  A troll skeleton (Crypt:2)
  15 wights
  3 electric eels (Elf:3)
  A spriggan skeleton (Crypt:3)
  A howler monkey (D:5)
  A bullfrog zombie (D:6)
  A raiju skeleton (Crypt:1)
  7 crimson imps
  3 human zombies (Crypt:1)
  3 quasits
  3 centaur skeletons
  A jelly (D:12)
  42 orc wizards
  29 orc priests
  3 bullfrog skeletons
  11 hounds
  3 iron imps
  3 iguanas
  11 worker ants
  A statue (D:8)
  A naga skeleton (Crypt:3)
  2 hound skeletons
  11 mummies
  11 gnolls
  A howler monkey skeleton (D:10)
  A howler monkey zombie (D:9)
  4 river rats (Sewer)
  17 adders
  5 shadow imps
  A white imp (Depths:2)
  An ufetubus (Depths:2)
  5 oozes
  2 adder zombies
  A worm (D:1)
  2 adder skeletons
  A worm (shapeshifter) (Vaults:5)
  A dart slug (D:1)
  3 leopard geckos
  142 orcs
  7 ball pythons
  7 bats
  13 giant cockroaches
  10 hobgoblins
  21 jackals
  19 kobolds
  2 quokkas
  8 frilled lizards
  5 goblins
  A goblin zombie (Crypt:1)
  A leopard gecko skeleton (Crypt:2)
  A quokka zombie (D:5)
  14 rats
  A rat skeleton (Crypt:3)
  A rat zombie (Crypt:3)
  2 crawling corpses (Depths:5)
  9 plants
2589 creatures vanquished.

Vanquished Creatures (collateral kills)
  A greater mummy (Tomb:1)
  A revenant (Tomb:1)
  4 mummy priests (Tomb:1)
6 creatures vanquished.

Vanquished Creatures (others)
  An ironheart preserver (Vaults:5)
  A merfolk aquamancer (Shoals:4)
  The ghost of Slobodan the Spear-Bearer, a novice MfSk of Wu Jian (Volcano)
  A vampire mage (Depths:1)
  A shadow wraith (Vaults:2)
  A wizard (Vaults:3)
  A merfolk siren (Shoals:4)
  2 black mambas (Snake:3)
  A shadow (Crypt:2)
  2 slaves (D:5)
  2 centaurs
  A howler monkey (D:5)
  A centaur zombie (D:5)
  An orc priest (D:5)
  An iguana (D:5)
  An adder (D:5)
  A shadow imp (D:5)
  3 orcs
  A crawling corpse (Depths:5)
  A fungus (Lair:6)
  4 plants
29 creatures vanquished.

Grand Total: 2624 creatures vanquished

Notes
Turn   | Place    | Note
-------+----------+-------------------------------------------
     0 | D:1      | Alarkh the Demonspawn Monk began the quest for the Orb.
     0 | D:1      | Reached XP level 1. HP: 18/18 MP: 1/1
    27 | D:1      | Gained mutation: You have a pair of small horns on your head. [demonic ancestry]
    27 | D:1      | Reached XP level 2. HP: 14/24 MP: 2/2
   502 | D:1      | Gained mutation: You are slightly more attuned to the shadows. [demonic ancestry]
   502 | D:1      | Reached XP level 3. HP: 16/29 MP: 3/3
   782 | D:2      | Found a glowing silver altar of Zin.
  1297 | D:2      | Gained mutation: You have a somewhat thin skeletal structure. (Dex +2, Stealth) [demonic ancestry]
  1297 | D:2      | Reached XP level 4. HP: 36/36 MP: 4/4
  1626 | D:3      | Noticed an ice beast
  2041 | D:3      | Found a burning altar of Makhleb.
  2160 | D:3      | Killed an ice beast
  2160 | D:3      | Reached skill level 4 in Fighting
  2160 | D:3      | Reached XP level 5. HP: 27/42 MP: 5/5
  2530 | D:4      | Found a glowing drain.
  2606 | Sewer    | Entered a sewer
  2854 | Sewer    | Gained mutation: You have a moderately thin skeletal structure. (Dex +4, Stealth+) [demonic ancestry]
  2854 | Sewer    | Reached XP level 6. HP: 39/48 MP: 6/6
  3567 | D:4      | Reached skill level 5 in Long Blades
  3689 | D:4      | Learned a level 1 spell: Apportation
  3797 | D:4      | Found Haemuot's General Store.
  3801 | D:4      | Bought a scroll of teleportation for 30 gold pieces
  4429 | D:5      | Entered Level 5 of the Dungeon
  4440 | D:5      | Noticed a slave
  4441 | D:5      | Noticed a slave
  4441 | D:5      | Noticed a slave
  4442 | D:5      | Noticed Pikel
  4450 | D:5      | Noticed a slave
  4481 | D:4      | Killed Pikel
  4481 | D:4      | Reached skill level 5 in Fighting
  4481 | D:4      | Reached XP level 7. HP: 46/56 MP: 7/7
  4589 | D:5      | Reached XP level 8. HP: 37/63 MP: 8/8
  4768 | D:5      | Reached skill level 5 in Dodging
  5302 | D:5      | Reached skill level 6 in Fighting
  5307 | D:5      | Found a stormy altar of Qazlal.
  5850 | D:6      | Found a staircase to the Ecumenical Temple.
  5872 | Temple   | Entered the Ecumenical Temple
  5897 | Temple   | Became a worshipper of Warmaster Okawaru
  5897 | Temple   | Reached * piety under Okawaru
  5897 | Temple   | Reached ** piety under Okawaru
  7028 | D:7      | Identified the Grimoire of the Fetching Escort
  7048 | D:7      | Learned a level 5 spell: Aura of Abjuration
  7142 | D:7      | Reached XP level 9. HP: 67/71 MP: 9/9
  7179 | D:7      | Found a deep blue altar of Sif Muna.
  7770 | D:7      | Reached skill level 7 in Fighting
  8266 | D:8      | Noticed Erica
  8277 | D:8      | Reached *** piety under Okawaru
  9345 | D:7      | Killed Erica
  9345 | D:7      | Gained mutation: You have an unnaturally thin skeletal structure. (Dex +6, Stealth++) [demonic ancestry]
  9345 | D:7      | Reached XP level 10. HP: 80/80 MP: 7/10
  9487 | D:8      | Found a sparkling altar of Nemelex Xobeh.
  9504 | D:8      | Reached skill level 10 in Long Blades
  9708 | D:8      | Found a radiant altar of Vehumet.
 10212 | D:9      | Reached skill level 8 in Fighting
 10327 | D:9      | Reached **** piety under Okawaru
 10336 | D:9      | Found a blossoming altar of Fedhas.
 10569 | D:9      | Noticed a two-headed ogre
 10570 | D:9      | Found a snail-covered altar of Cheibriados.
 10576 | D:9      | Killed a two-headed ogre
 10664 | D:9      | Noticed a two-headed ogre
 10672 | D:9      | Killed a two-headed ogre
 10711 | D:10     | Entered Level 10 of the Dungeon
 10850 | D:10     | Found a shattered altar of Ashenzari.
 10890 | D:10     | Noticed a two-headed ogre
 11197 | D:10     | Reached ***** piety under Okawaru
 11221 | D:10     | Killed a two-headed ogre
 11221 | D:10     | Received a gift from Okawaru
 11221 | D:10     | Reached skill level 1 in Armour
 11271 | D:10     | Reached skill level 9 in Fighting
 11271 | D:10     | Gained mutation: You are significantly more attuned to the shadows. [demonic ancestry]
 11271 | D:10     | Reached XP level 11. HP: 58/89 MP: 11/11
 11835 | D:11     | Found a staircase to the Lair.
 11844 | D:11     | Noticed a green ugly thing
 11858 | D:10     | Killed a green ugly thing
 12098 | D:11     | Noticed Nergalle
 12098 | D:11     | Reached skill level 1 in Shields
 12131 | D:11     | Killed Nergalle
 12153 | D:11     | Found a staircase to the Orcish Mines.
 12660 | D:11     | Noticed Graouh's ghost (journeyman MiFi)
 13354 | D:11     | Killed Graouh's ghost
 13376 | D:11     | Noticed a two-headed ogre
 13501 | D:11     | Killed a two-headed ogre
 14197 | Lair:1   | Entered Level 1 of the Lair of Beasts
 14808 | Lair:1   | Received a gift from Okawaru
 14894 | Lair:1   | Noticed Fannar
 14907 | Lair:1   | Killed Fannar
 14907 | Lair:1   | Reached XP level 12. HP: 54/97 MP: 10/12
 15154 | Lair:2   | Reached skill level 10 in Fighting
 15234 | Lair:2   | Found a staircase to the Shoals.
 15301 | Lair:2   | Received a gift from Okawaru
 15530 | Lair:2   | Noticed a seven-headed hydra
 15554 | Lair:2   | Killed a one-headed hydra
 16845 | Lair:3   | Noticed a catoblepas
 17126 | Lair:3   | Reached skill level 5 in Shields
 17177 | Lair:4   | Identified Sif Muna's Incunabulum of Lucky Black Magic
 17276 | Lair:4   | Received a gift from Okawaru
 17277 | Lair:4   | Got an ancient hat {god gift}
 17283 | Lair:4   | Identified the +4 hat of the First Ghosts {Stlth+} (Okawaru gifted it to you on level 4 of the Lair of Beasts)
 17437 | Lair:4   | Reached skill level 5 in Armour
 17983 | Lair:4   | Found a staircase to the Snake Pit.
 17995 | Lair:4   | Noticed Harold
 18007 | Lair:4   | Killed Harold
 18552 | Lair:5   | Noticed a death yak
 18575 | Lair:5   | Gained mutation: You have a pair of horns on your head. [demonic ancestry]
 18575 | Lair:5   | Reached XP level 13. HP: 102/104 MP: 13/13
 18579 | Lair:5   | Found a staircase to the Slime Pits.
 19290 | Lair:6   | Entered Level 6 of the Lair of Beasts
 20070 | Lair:6   | Reached skill level 10 in Dodging
 20374 | Lair:6   | Noticed a dire elephant
 20643 | Lair:6   | Killed a dire elephant
 20643 | Lair:6   | Reached skill level 11 in Fighting
 21558 | Lair:6   | Reached ****** piety under Okawaru
 21659 | Lair:6   | Received a gift from Okawaru
 21953 | Lair:6   | Found a runed door.
 22659 | Lair:6   | Reached XP level 14. HP: 108/113 MP: 11/14
 22898 | Orc:1    | Entered Level 1 of the Orcish Mines
 22906 | Orc:1    | Found a dark tunnel.
 22989 | Volcano  | Entered a volcano
 23000 | Volcano  | Noticed Slobodan's ghost (novice MfSk)
 23025 | Volcano  | Killed Slobodan's ghost
 23225 | Volcano  | Found a bloodstained altar of Trog.
 23517 | Orc:1    | Received a gift from Okawaru
 23518 | Orc:1    | Got a pitted demon trident {god gift}
 23519 | Orc:1    | Identified the +3 demon trident of Fate {flame, Int+2} (Okawaru gifted it to you on level 1 of the Orcish Mines)
 23794 | Orc:2    | Entered Level 2 of the Orcish Mines
 23866 | Orc:2    | Found Yfooc's Gadget Boutique.
 24026 | Orc:2    | Found a staircase to the Elven Halls.
 24297 | Orc:2    | Noticed Maurice
 24310 | Orc:2    | Killed Maurice
 24351 | Orc:2    | Found Yqumij's Magic Scroll Boutique.
 24357 | Orc:2    | Bought a scroll of random uselessness for 10 gold pieces
 24379 | Orc:2    | Found a roughly hewn altar of Beogh.
 24393 | Orc:2    | Found a roughly hewn altar of Beogh.
 24558 | Orc:2    | Found a roughly hewn altar of Beogh.
 24560 | Orc:2    | Found Wunoakie's Antique Weapon Shop.
 24681 | Orc:2    | Noticed an orc warlord
 24775 | Orc:2    | Killed an orc warlord
 24894 | Orc:2    | Found Meomuor's Antique Weapon Shoppe.
 24987 | Orc:2    | Found a roughly hewn altar of Beogh.
 24991 | Orc:2    | Found Zuasch's Antique Armour Emporium.
 25118 | Orc:2    | Found a roughly hewn altar of Beogh.
 25133 | Orc:2    | Found Den Samn's Distillery.
 25380 | Orc:2    | Found a roughly hewn altar of Beogh.
 25393 | Orc:2    | Found a roughly hewn altar of Beogh.
 25469 | Orc:1    | Noticed Snorg
 25479 | Orc:1    | Killed Snorg
 25479 | Orc:1    | Received a gift from Okawaru
 25659 | Orc:2    | Bought a scroll of fear for 35 gold pieces
 25659 | Orc:2    | Bought a scroll of enchant weapon for 75 gold pieces
 25659 | Orc:2    | Bought 3 scrolls of enchant weapon for 225 gold pieces
 25659 | Orc:2    | Bought a scroll of teleportation for 30 gold pieces
 25659 | Orc:2    | Bought a scroll of identify for 20 gold pieces
 25659 | Orc:2    | Bought a scroll of fog for 20 gold pieces
 25659 | Orc:2    | Bought a scroll of identify for 20 gold pieces
 25690 | Orc:2    | Bought 2 potions of resistance for 300 gold pieces
 25690 | Orc:2    | Bought a potion of might for 60 gold pieces
 25690 | Orc:2    | Bought a potion of agility for 60 gold pieces
 25690 | Orc:2    | Bought a potion of berserk rage for 75 gold pieces
 25690 | Orc:2    | Bought a potion of heal wounds for 75 gold pieces
 25690 | Orc:2    | Bought a potion of curing for 45 gold pieces
 25729 | Orc:2    | Bought a scorched chain mail for 275 gold pieces
 25729 | Orc:2    | Bought an embroidered cloak for 217 gold pieces
 25729 | Orc:2    | Bought a faintly humming robe for 165 gold pieces
 25729 | Orc:2    | Bought a pair of embroidered boots for 217 gold pieces
 25739 | Orc:2    | Identified the +0 robe of Gintoam {*Corrode +Inv rN+++ Dex-3} (You bought it in a shop on level 2 of the Orcish Mines)
 25771 | Orc:2    | Identified the +8 chain mail "Koteirud" {+Inv SInv} (You bought it in a shop on level 2 of the Orcish Mines)
 26604 | D:12     | Reached skill level 15 in Long Blades
 27023 | D:12     | Reached skill level 12 in Fighting
 27768 | D:13     | Received a gift from Okawaru
 27790 | D:13     | Found a gate to the Vaults.
 28112 | D:14     | Found Pajeup's Jewellery Shop.
 28122 | D:14     | Bought an uncursed ring of see invisible for 195 gold pieces
 28122 | D:14     | Bought a cursed ring of teleportation for 58 gold pieces
 28132 | D:14     | Found a hide-covered altar of Uskayaw.
 28301 | D:14     | Gained mutation: Your magical and physical power is slightly enhanced at high health. [demonic ancestry]
 28301 | D:14     | Reached XP level 15. HP: 120/120 MP: 15/15
 28431 | D:14     | Noticed Josephine
 28446 | D:14     | Killed Josephine
 28449 | D:14     | Noticed Nessos
 28582 | D:14     | Found a sacrificial altar of Ru.
 28612 | D:14     | Killed Nessos
 28726 | D:15     | Entered Level 15 of the Dungeon
 29076 | D:15     | Found a staircase to the Depths.
 29323 | D:15     | Received a gift from Okawaru
 29983 | Snake:1  | Entered Level 1 of the Snake Pit
 30079 | Snake:1  | Found Nore's Antique Weapon Boutique.
 30106 | Snake:1  | Bought a glowing long sword for 240 gold pieces
 30304 | Snake:1  | Received a gift from Okawaru
 31175 | Snake:1  | Found Wynaez's Gadget Emporium.
 31175 | Snake:1  | Found Ytogiwul's Gadget Emporium.
 31176 | Snake:1  | Found Rosivywk's Jewellery Boutique.
 31443 | Snake:2  | Reached skill level 13 in Fighting
 31472 | Snake:2  | Found a burning altar of Makhleb.
 31518 | Snake:2  | Gained mutation: You have a pair of large horns on your head. [demonic ancestry]
 31518 | Snake:2  | Reached XP level 16. HP: 115/130 MP: 16/16
 32055 | Snake:2  | Received a gift from Okawaru
 32225 | Snake:2  | Reached skill level 10 in Armour
 32511 | Snake:3  | Reached skill level 10 in Shields
 33337 | Snake:3  | Reached skill level 1 in Invocations
 33434 | Snake:4  | Entered Level 4 of the Snake Pit
 33538 | Snake:4  | Received a gift from Okawaru
 33539 | Snake:4  | Got a pair of transparent boots {god gift}
 33578 | Snake:4  | Identified the +2 pair of boots of Okawaru's Approval {Dex+6} (Okawaru gifted it to you on level 4 of the Snake Pit)
 33716 | Snake:3  | Reached skill level 1 in Evocations
 34022 | Snake:4  | Noticed Sapher's ghost (journeyman GrTm)
 34040 | Snake:4  | Killed Sapher's ghost
 34785 | Snake:4  | Received a gift from Okawaru
 34785 | Snake:4  | Reached XP level 17. HP: 122/138 MP: 17/20
 34963 | Snake:4  | Noticed Vashnia
 35222 | Snake:3  | Reached skill level 5 in Invocations
 35677 | Snake:4  | Received a gift from Okawaru
 35677 | Snake:4  | Reached skill level 14 in Fighting
 36176 | Snake:3  | Killed Vashnia
 36191 | Snake:4  | Reached skill level 5 in Stealth
 36281 | Snake:4  | Got a serpentine rune of Zot
 37301 | Snake:1  | Bought the ring of Ynwaogh {rCorr rPois rN+} for 601 gold pieces
 37500 | Vaults:1 | Entered Level 1 of the Vaults
 37635 | Vaults:1 | Noticed Jorgrun
 37649 | Vaults:1 | Killed Jorgrun
 37685 | Vaults:1 | Received a gift from Okawaru
 37776 | Vaults:1 | Found Namenico's Magic Scroll Emporium.
 37846 | Vaults:1 | Bought a scroll of fear for 42 gold pieces
 37846 | Vaults:1 | Bought a scroll of teleportation for 36 gold pieces
 38311 | Vaults:1 | Reached skill level 5 in Evocations
 38546 | Vaults:1 | Found Enawecva's Magic Scroll Shop.
 38559 | Vaults:1 | Bought a scroll of teleportation for 54 gold pieces
 38559 | Vaults:1 | Bought a scroll of blinking for 135 gold pieces
 38919 | Vaults:2 | Gained mutation: Your magical and physical power is enhanced at high health. [demonic ancestry]
 38919 | Vaults:2 | Reached XP level 18. HP: 135/147 MP: 23/23
 39193 | Vaults:3 | Found a shimmering altar of Xom.
 39289 | Vaults:2 | Received a gift from Okawaru
 39488 | Vaults:2 | Noticed a Tzitzimitl
 39513 | Vaults:2 | Received a gift from Okawaru
 39698 | Vaults:2 | Got a pitted steel ring
 39813 | Vaults:1 | Identified the ring of Otsiory {MR+ Dex+6 Slay+1} (You took it off a vault warden on level 2 of the Vaults)
 40469 | Vaults:2 | Found a staircase to the Crypt.
 40520 | Vaults:2 | Received a gift from Okawaru
 40643 | Vaults:2 | Got a crude lapis lazuli ring
 40718 | Vaults:2 | Identified the ring of Udghiras {Fire Stlth+} (You took it off a vault warden on level 2 of the Vaults)
 40725 | Vaults:2 | Learned a level 2 spell: Blink
 41212 | Vaults:3 | Noticed esteth's ghost (adept MiFi)
 41264 | Vaults:3 | Killed esteth's ghost
 41264 | Vaults:3 | Received a gift from Okawaru
 41268 | Vaults:3 | Got a jasper-encrusted ring mail {god gift}
 41279 | Vaults:3 | Identified the +3 ring mail of the Jolly Hells {rF+} (Okawaru gifted it to you on level 3 of the Vaults)
 41851 | Vaults:3 | Reached skill level 15 in Fighting
 41903 | Vaults:3 | Reached XP level 19. HP: 138/155 MP: 25/25
 42543 | Vaults:3 | Received a gift from Okawaru
 43236 | Vaults:3 | Received a gift from Okawaru
 44034 | Vaults:4 | Received a gift from Okawaru
 44642 | Vaults:4 | Paralysed by a floating eye for 2 turns
 45065 | Vaults:2 | Got a dazzling plate armour
 45076 | Vaults:2 | Identified the +7 plate armour "Kagao" {rN++ rCorr Str-2} (You took it off a vault warden on level 2 of the Vaults)
 45278 | Orc:2    | Bought a runed buckler for 217 gold pieces
 45501 | Lair:2   | Learned a level 6 spell: Iron Shot
 45538 | Shoals:1 | Entered Level 1 of the Shoals
 45608 | Shoals:1 | Reached skill level 15 in Dodging
 45678 | Shoals:1 | Reached skill level 16 in Fighting
 45687 | Shoals:1 | Reached XP level 20. HP: 163/164 MP: 26/26
 45804 | Shoals:1 | Received a gift from Okawaru
 45969 | Shoals:1 | Found Sobre's Weapon Shoppe.
 46483 | Shoals:2 | Noticed Louise
 46499 | Shoals:2 | Killed Louise
 46683 | Shoals:2 | Got a crude pewter ring
 46705 | Shoals:2 | Noticed Roxanne
 46727 | Shoals:2 | Killed Roxanne
 46879 | Shoals:2 | Identified Roxanne's Grimoire of Transformation (You took it off Roxanne on level 2 of the Shoals)
 47858 | Shoals:3 | Got an ichor-stained leather armour
 47874 | Shoals:3 | Identified the +0 leather armour of the Beekeeper {+Fly rPois rF- SInv} (You found it on level 3 of the Shoals)
 47885 | Shoals:3 | Identified the ring "Nyorr" {*Tele Str+2 Int+6} (You took it off a merfolk siren on level 2 of the Shoals)
 48681 | Shoals:4 | Entered Level 4 of the Shoals
 48803 | Shoals:4 | Received a gift from Okawaru
 48826 | Shoals:4 | Noticed Ilsuiw
 48826 | Shoals:4 | Got a heavily runed shield {god gift}
 48877 | Shoals:3 | Identified the +2 shield "Kinlipse" {rC++} (Okawaru gifted it to you on level 4 of the Shoals)
 49423 | Shoals:4 | Got a barnacled rune of Zot
 49743 | Shoals:4 | Killed Ilsuiw
 50729 | Lair:5   | Received a gift from Okawaru
 50729 | Lair:5   | Reached skill level 15 in Armour
 51154 | Elf:1    | Entered Level 1 of the Elven Halls
 51475 | Elf:1    | Got a smoking great sword
 51476 | Elf:1    | Identified the +3 great sword of the Original Sin {freeze, rC- rN+++ Int+6 Stlth-} (You found it on level 1 of the Elven Halls)
 51932 | Elf:1    | Reached skill level 15 in Shields
 51948 | Elf:1    | Gained mutation: You are completely attuned to the shadows. [demonic ancestry]
 51948 | Elf:1    | Reached XP level 21. HP: 138/171 MP: 9/27
 52205 | Elf:1    | Got a polished dagger
 52206 | Elf:1    | Identified the +9 dagger of the Wolf {venom, rElec rF++ rC+ Str-2 Stlth+} (You found it on level 1 of the Elven Halls)
 52261 | Elf:2    | Reached skill level 1 in Summonings
 52323 | Elf:2    | Found a runed gate.
 52323 | Elf:2    | Found a runed gate.
 52328 | Elf:2    | Reached skill level 1 in Conjurations
 52328 | Elf:2    | Reached skill level 1 in Earth Magic
 52383 | Elf:2    | Reached skill level 1 in Spellcasting
 52415 | Elf:2    | Found Misas's Antique Weapon Shoppe.
 52628 | Elf:2    | Found a runed gate.
 52644 | Elf:2    | Learned a level 7 spell: Spellforged Servitor
 52690 | Elf:2    | Received a gift from Okawaru
 52691 | Elf:2    | Got a pair of twisted boots {god gift}
 52827 | Elf:2    | Identified the +0 pair of boots of Hibbaffifyc {rElec Int-3 Slay+2 Stlth+} (Okawaru gifted it to you on level 2 of the Elven Halls)
 53002 | Elf:2    | Noticed Nikola
 53031 | Elf:2    | Killed Nikola
 53479 | Elf:3    | Entered Level 3 of the Elven Halls
 53898 | Elf:3    | Found an ancient bone altar of Kikubaaqudgha.
 55222 | Elf:3    | Reached skill level 5 in Conjurations
 55222 | Elf:3    | Reached skill level 5 in Earth Magic
 55233 | Elf:3    | Received a gift from Okawaru
 55239 | Elf:3    | Reached skill level 5 in Spellcasting
 55239 | Elf:3    | Reached skill level 5 in Summonings
 55776 | Elf:3    | Got a sparkling crystal amulet
 55778 | Elf:3    | Got a sparkling amber ring
 55943 | Elf:3    | Identified the amulet of Toluim {Spirit rElec rPois rF-} (You took it off a deep elf demonologist on level 3 of the Elven Halls)
 55945 | Elf:3    | Identified the ring of Mogum {*Contam rC+++ Str+3 Slay-3 Stlth+} (You took it off a deep elf knight on level 3 of the Elven Halls)
 56536 | Elf:3    | Identified the Tome of Protection and Changing
 56547 | Elf:3    | Got a ring of the Octopus King
 56621 | Elf:3    | Got a jewelled plate armour
 56632 | Elf:3    | Identified the +0 plate armour of Hippitz {Str+3} (You found it on level 3 of the Elven Halls)
 56649 | Elf:3    | Got a smoking great sword
 56693 | Elf:3    | Identified a +1 pair of boots of running (Okawaru gifted it to you on level 3 of the Elven Halls)
 56704 | Elf:3    | Identified a ring of the Octopus King {rF+ AC+1 EV+1 Str+1 Int+1 Dex+1} (You found it on level 3 of the Elven Halls)
 56955 | Lair:2   | Identified the +9 great sword "Beastbane" {slice, Stlth+} (You found it on level 3 of the Elven Halls)
 57259 | Depths:1 | Entered Level 1 of the Depths
 57317 | Depths:1 | Gained mutation: When hurt, damage is shared between your health and your magic reserves. [demonic ancestry]
 57317 | Depths:1 | Reached XP level 22. HP: 164/178 MP: 29/31
 57418 | Depths:1 | Received a gift from Okawaru
 58175 | Depths:1 | Found a one-way gate to the infinite horrors of the Abyss.
 58350 | Depths:1 | Found a gateway to Hell.
 58350 | Depths:1 | Noticed Margery
 58719 | Depths:1 | Found a gateway to Hell.
 58832 | Depths:1 | Killed Margery
 59279 | Vaults:1 | Bought a scroll of brand weapon for 240 gold pieces
 59434 | Lair:2   | Learned a level 6 spell: Deflect Missiles
 59720 | Depths:2 | Noticed Saint Roka
 59722 | Depths:2 | Received a gift from Okawaru
 59744 | Depths:2 | Killed Saint Roka
 60156 | Depths:2 | Found a one-way gate leading to the halls of Pandemonium.
 60174 | Depths:2 | Gained mutation: You are dopey. (Int -2) [a neqoxec]
 60765 | Depths:2 | Gained mutation: You are occasionally teleported next to monsters. [a neqoxec]
 61046 | Depths:2 | Received a gift from Okawaru
 61100 | Depths:2 | Gained mutation: You have large cloven feet. [mutagenic meat]
 61101 | Depths:2 | Gained mutation: You are agile. (Dex +2) [mutagenic meat]
 61102 | Depths:2 | Gained mutation: You tend to lose your temper in combat. [mutagenic meat]
 61103 | Depths:2 | Gained mutation: Your muscles are strong. (Str +2) [mutagenic meat]
 61108 | Depths:2 | Gained mutation: Scrolls take you a little longer to read. [mutagenic meat]
 61484 | Depths:2 | Gained mutation: Your muscles are very strong. (Str +4) [mutagenic meat]
 61485 | Depths:2 | Lost mutation: You are agile. (Dex +2) [mutagenic meat]
 61748 | Depths:3 | Received a gift from Okawaru
 61763 | Depths:3 | Reached XP level 23. HP: 150/184 MP: 28/35
 61787 | Depths:3 | Gained mutation: Your skin changes colour to match your surroundings (Stealth+). [mutagenic meat]
 61788 | Depths:3 | Gained mutation: You are robust. (+10% HP) [mutagenic meat]
 61789 | Depths:3 | Gained mutation: You can translocate small distances at will. [mutagenic meat]
 61790 | Depths:3 | Lost mutation: Your muscles are very strong. (Str +4) [mutagenic meat]
 61791 | Depths:3 | Gained mutation: You occasionally shout uncontrollably at your foes. [mutagenic meat]
 61793 | Depths:3 | Lost mutation: You have large cloven feet. [mutagenic meat]
 61794 | Depths:3 | Gained mutation: You expend magic power (3 MP) to strengthen your wands. [mutagenic meat]
 62018 | Depths:3 | Found a portal to a secret trove of treasure.
 62206 | Depths:3 | Noticed a juggernaut
 62231 | Depths:3 | Killed a juggernaut
 62267 | Depths:3 | Reached skill level 10 in Summonings
 62327 | Depths:3 | Lost mutation: You are dopey. (Int -2) [mutagenic meat]
 62329 | Depths:3 | Gained mutation: Your system is resistant to poisons. (rPois) [mutagenic meat]
 62384 | Depths:3 | Received a gift from Okawaru
 62410 | Depths:3 | Got a heavily runed scarf {god gift}
 62421 | Depths:3 | Identified the scarf of the Iron City of Dis {+Fly Regen+} (Okawaru gifted it to you on level 3 of the Depths)
 62564 | Depths:3 | Reached skill level 10 in Conjurations
 62964 | Depths:3 | Reached skill level 10 in Earth Magic
 63752 | Orc:2    | Bought a potion of mutation for 120 gold pieces
 63752 | Orc:2    | Lost mutation: Your muscles are strong. (Str +2) [potion of mutation]
 63752 | Orc:2    | Lost mutation: Your system is resistant to poisons. (rPois) [potion of mutation]
 63752 | Orc:2    | Lost mutation: You expend magic power (3 MP) to strengthen your wands. [potion of mutation]
 63752 | Orc:2    | Gained mutation: Your flesh is heat resistant. (rF+) [potion of mutation]
 63752 | Orc:2    | Gained mutation: You have sharp toenails. [potion of mutation]
 64088 | Vaults:1 | Bought a scroll of enchant armour for 135 gold pieces
 64178 | Vaults:1 | Bought a scroll of enchant armour for 90 gold pieces
 64178 | Vaults:1 | Bought a scroll of enchant armour for 90 gold pieces
 64178 | Vaults:1 | Bought a scroll of enchant armour for 90 gold pieces
 64178 | Vaults:1 | Bought a scroll of recharging for 114 gold pieces
 64178 | Vaults:1 | Bought a scroll of recharging for 114 gold pieces
 64573 | Depths:4 | Gained mutation: Your flesh is cold resistant. (rC+) [mutagenic meat]
 64575 | Depths:4 | Gained mutation: You have sharp fingernails. [mutagenic meat]
 64589 | Depths:4 | Lost mutation: You tend to lose your temper in combat. [mutagenic meat]
 64590 | Depths:4 | Gained mutation: You are somewhat resistant to further mutation. [mutagenic meat]
 64591 | Depths:4 | Lost mutation: Scrolls take you a little longer to read. [mutagenic meat]
 64659 | Depths:4 | Reached skill level 10 in Spellcasting
 64975 | Depths:4 | Found a gateway to a ziggurat.
 65294 | Depths:4 | Received a gift from Okawaru
 65590 | Depths:4 | Noticed a juggernaut
 65606 | Depths:4 | Killed a juggernaut
 66006 | Depths:4 | Found Nypa's Book Boutique.
 66068 | Depths:5 | Entered Level 5 of the Depths
 66068 | Depths:5 | Found a huge runed gate.
 66068 | Depths:5 | Found a huge runed gate.
 66068 | Depths:5 | Found a huge runed gate.
 66068 | Depths:5 | Found a huge runed gate.
 66068 | Depths:5 | Found a huge runed gate.
 66068 | Depths:5 | Found a huge runed gate.
 66068 | Depths:5 | Found a huge runed gate.
 66068 | Depths:5 | Found a huge runed gate.
 66068 | Depths:5 | Found a huge runed gate.
 66103 | Depths:5 | Reached XP level 24. HP: 185/210 MP: 34/37
 66282 | Depths:5 | Found a corrupted altar of Lugonu.
 66437 | Depths:5 | Received a gift from Okawaru
 66438 | Depths:5 | Got a bloodstained long sword {god gift}
 66439 | Depths:5 | Identified the +3 long sword of Oozing Pus {pain, -Tele rElec Str+4 SInv} (Okawaru gifted it to you on level 5 of the Depths)
 66713 | Depths:5 | Found a gate to the Realm of Zot.
 66979 | Depths:5 | Got a sapphire dagger {elec}
 66980 | Depths:5 | Identified the cursed +3 dagger of Aduy {elec, rElec rN++ Int-3} (You took it off a yaktaur on level 5 of the Depths)
 67180 | Depths:5 | Found a huge runed gate.
 67181 | Depths:5 | Found a huge runed gate.
 67182 | Depths:5 | Found a huge runed gate.
 67183 | Depths:5 | Found a huge runed gate.
 67184 | Depths:5 | Found a huge runed gate.
 67185 | Depths:5 | Found a huge runed gate.
 67186 | Depths:5 | Found a huge runed gate.
 67187 | Depths:5 | Found a huge runed gate.
 67188 | Depths:5 | Found a huge runed gate.
 67216 | Depths:5 | Found a huge runed gate.
 67221 | Depths:5 | Found a huge runed gate.
 67221 | Depths:5 | Found a huge runed gate.
 67221 | Depths:5 | Found a huge runed gate.
 67346 | Depths:5 | Noticed a juggernaut
 67357 | Depths:5 | Killed a juggernaut
 67357 | Depths:5 | Received a gift from Okawaru
 68053 | Depths:5 | Received a gift from Okawaru
 68064 | Depths:5 | Got a jewelled long sword {god gift}
 68065 | Depths:5 | Identified the +7 long sword "Peotuxikh" {freeze, rC++ Dex-4} (Okawaru gifted it to you on level 5 of the Depths)
 68304 | Depths:5 | Found a corrupted altar of Lugonu.
 68387 | Depths:5 | Found a gate to the Realm of Zot.
 69537 | Vaults:5 | Entered Level 5 of the Vaults
 69577 | Vaults:5 | Paralysed by a floating eye for 3 turns
 69594 | Vaults:5 | Received a gift from Okawaru
 70021 | Vaults:5 | Gained mutation: Your magical and physical power is greatly enhanced at high health. [demonic ancestry]
 70021 | Vaults:5 | Reached XP level 25. HP: 199/216 MP: 38/39
 70060 | Vaults:5 | Noticed Boris
 70081 | Vaults:5 | Killed Boris
 70097 | Vaults:5 | Received a gift from Okawaru
 70098 | Vaults:5 | Got a pair of polished gloves {god gift}
 70099 | Vaults:5 | Identified the +2 pair of gloves "Laost" {*Drain rC+ Dex+3} (Okawaru gifted it to you on level 5 of the Vaults)
 70312 | Vaults:5 | Identified the Collected Works on Unstable Good Luck
 70382 | Vaults:5 | Identified the Incunabulum of Supportive Intoxication
 70654 | Vaults:5 | Got a faintly glowing garnet amulet
 71208 | Vaults:5 | Got a steaming iron ring
 71283 | Vaults:5 | Got a silver rune of Zot
 71458 | Vaults:5 | Received a gift from Okawaru
 71686 | Vaults:5 | Cast into level 2 of the Abyss (a deep elf sorcerer)
 71726 | Abyss:2  | Got a twitching steel ring
 71765 | Vaults:5 | Escaped the Abyss
 72202 | Vaults:5 | Identified the ring "Womog" {rElec MR+ MP-9 SInv} (You took it off an orc warlord on level 5 of the Vaults)
 72204 | Vaults:5 | Identified the ring of the Leaf {Fire rN+ Str+6 Int-2} (You found it on level 2 of the Abyss)
 72205 | Vaults:5 | Identified the amulet "Xaitirih" {+Rage Str+3 Int-5 Dex+2} (You took it off an orc warrior on level 5 of the Vaults)
 72250 | Vaults:5 | Noticed an ancient lich
 72266 | Vaults:5 | Killed an ancient lich
 72391 | Vaults:5 | Received a gift from Okawaru
 74346 | Vaults:5 | Got an ichor-stained large shield
 74352 | Vaults:5 | Identified the cursed +0 large shield of the Good {rElec rC+ Str+2} (You took it off an orc warlord on level 5 of the Vaults)
 74693 | Slime:1  | Entered Level 1 of the Pits of Slime
 74916 | Slime:3  | Noticed Dissolution
 74928 | Slime:3  | Killed Dissolution
 74928 | Slime:3  | Gained mutation: You regenerate magic rapidly. [demonic ancestry]
 74928 | Slime:3  | Reached XP level 26. HP: 202/224 MP: 27/40
 75123 | Slime:5  | Entered Level 5 of the Pits of Slime
 75213 | Slime:5  | Reached skill level 15 in Conjurations
 75252 | Slime:5  | Received a gift from Okawaru
 75253 | Slime:5  | Got a transparent plate armour {god gift}
 75254 | Slime:5  | Identified the +2 plate armour of Hospitality {Regen+ Str+4 Dex-3} (Okawaru gifted it to you on level 5 of the Pits of Slime)
 75419 | Slime:5  | Reached skill level 15 in Summonings
 75428 | Slime:5  | Noticed the Royal Jelly
 75540 | Slime:5  | Killed the Royal Jelly
 76118 | Slime:5  | Got a slimy rune of Zot
 76304 | Slime:5  | Got a fine long sword
 76305 | Slime:5  | Identified the +6 long sword of Megalomania {slice, Int+5} (You found it on level 5 of the Pits of Slime)
 76316 | Slime:5  | Got a translucent long sword
 76317 | Slime:5  | Identified the +4 long sword of Dung {protect, *Rage rElec Str+4 SInv} (You found it on level 5 of the Pits of Slime)
 77519 | Depths:3 | You showed the slimy rune of Zot to enter a treasure trove
 77520 | Trove    | Entered a treasure trove
 77532 | Trove    | Got a faintly glowing pewter amulet
 77544 | Trove    | Got a pitted ivory amulet
 77559 | Trove    | Got a crude falchion
 77571 | Depths:3 | Identified the amulet of Zisuilor {Regen+ Str+2 Stlth+} (You found it in a treasure trove)
 77572 | Depths:3 | Identified the amulet "Tiqal" {Reflect rF+ Int+2 SH+5} (You found it in a treasure trove)
 77577 | Depths:3 | Identified the +6 falchion of the Fray {slice, rElec} (You found it in a treasure trove)
 78000 | Crypt:1  | Entered Level 1 of the Crypt
 78180 | Crypt:1  | Found a magical portal.
 78185 | WizLab   | Entered Wucad Mu's Monastery
 78500 | WizLab   | Reached skill level 17 in Fighting
 78500 | WizLab   | Gained mutation: When low on magic, you restore magic in place of health. [demonic ancestry]
 78500 | WizLab   | Reached XP level 27. HP: 235/235 MP: 32/41
 79391 | Lair:2   | Learned a level 6 spell: Statue Form
 79689 | Crypt:1  | Reached skill level 1 in Transmutations
 79922 | Crypt:2  | Received a gift from Okawaru
 80624 | Crypt:3  | Entered Level 3 of the Crypt
 81116 | Crypt:3  | Found a staircase to the Tomb.
 81471 | Crypt:3  | Reached skill level 15 in Earth Magic
 81508 | Crypt:3  | Found an ancient bone altar of Kikubaaqudgha.
 81534 | Crypt:3  | Reached skill level 5 in Transmutations
 81921 | Crypt:3  | Received a gift from Okawaru
 81922 | Crypt:3  | Got a scorched plate armour {god gift}
 81923 | Crypt:3  | Identified the +0 plate armour "Etoirusm" {+Inv rN+ Int-5 Dex+4} (Okawaru gifted it to you on level 3 of the Crypt)
 82087 | Crypt:3  | Noticed an ancient lich
 82122 | Crypt:3  | Reached skill level 15 in Spellcasting
 82158 | Crypt:3  | Killed an ancient lich
 82169 | Crypt:3  | Got a scorched long sword {protect}
 82170 | Crypt:3  | Identified the +7 long sword of Pesubb {protect, rF+ rC++} (You took it off an ancient champion on level 3 of the Crypt)
 82651 | Tomb:1   | Entered Level 1 of the Tomb of the Ancients
 82879 | Tomb:1   | Paralysed by a sphinx for 4 turns
 82885 | Tomb:1   | Noticed Frederick
 82894 | Tomb:1   | Killed Frederick
 82902 | Tomb:1   | Noticed Khufu
 82909 | Tomb:1   | Noticed a greater mummy
 82911 | Tomb:1   | Noticed a greater mummy
 82916 | Tomb:1   | Killed Khufu
 82929 | Tomb:1   | Killed a greater mummy
 82938 | Tomb:1   | Killed a greater mummy
 82938 | Tomb:1   | Received a gift from Okawaru
 82959 | Tomb:1   | Noticed a greater mummy
 82962 | Tomb:1   | Noticed a greater mummy
 83203 | Tomb:1   | Noticed a greater mummy
 83211 | Tomb:1   | Killed a greater mummy
 83217 | Tomb:1   | Noticed a greater mummy
 83219 | Tomb:1   | Noticed a greater mummy
 83219 | Tomb:1   | Noticed a greater mummy
 83222 | Tomb:1   | Killed a greater mummy
 83227 | Tomb:1   | HP: 11/305 [mummy priest/divine providence (9)]
 83230 | Tomb:1   | HP: 5/305 [greater mummy/divine providence (6)]
 83231 | Tomb:1   | Killed from afar by a mummy priest

Vault maps used:
D:1:      mrwooster_arrival_arrow
D:2:      lemuel_crystal_altar
D:3:      lemuel_round_altar, serial_park_tiny_1
D:4:      first_bread, serial_shops, shop, portal_sewer_entry_a,
          hangedman_decor_clover_reticule
D:5:      grunt_qazlal_clouds, uniq_pikel
D:6:      minmay_temple_entry_enclosed_plants
D:7:      overflow_temple_1_default, minmay_statues_item
D:8:      vehumet_statue, the_bakery, nemelex_dance_club_becter, uniq_erica
D:9:      fedhas_altar_2, cheibriados_altar_1
D:10:     minivault_22, evilmike_ruin_ashenzari
D:11:     minmay_lair_entry_lava, david_orc_2, nicolae_two_hexagons,
          hangedman_misty_isle, uniq_nergalle
D:12:     regret_index_bee_streams
D:13:     david_vaults_1
D:14:     basic_altar, serial_shops, shop, st_stairs_9,
          nicolae_ru_path_of_blood, uniq_josephine, uniq_nessos
D:15:     grunt_enter_depths_hoard, serial_park_tiny_pond
Temple:   minmay_freezing_vapour_temple
Lair:1:   st_stairs_7, minivault_23, serial_bayou_shore_b, grunt_megastairs_3,
          uniq_fannar
Lair:2:   minmay_shoals_entry_lonely_mermaid
Lair:4:   minmay_snake_entry_guardpost_large, uniq_harold
Lair:5:   slime_dummy, serial_bayou_shore_a, minmay_lair_oklob_chamber
Lair:6:   hangedman_lair_in_review, wormcave
Shoals:1: serial_shops, shop
Shoals:2: nicolae_shoals_this_corrosion, uniq_roxanne, uniq_louise
Shoals:4: shoals_end_simple, shoals_ilsuiw_alternative, abandoned_shop
Snake:1:  serial_shops, shop, minmay_shop_grove
Snake:2:  nicolae_cobra_stairs, basic_altar, nrook_loot_triangle
Snake:3:  grunt_megastairs_5
Snake:4:  johnstein_snake_rune_scales
Slime:1:  nicolae_slime_phagocytosis
Slime:2:  basic_altar, cheibrodos_slime_lost_civilization_7
Slime:3:  uniq_dissolution
Orc:1:    nicolae_volcano_entry_lava_flow, uniq_snorg
Orc:2:    grunt_orc_community_town_hall, grunt_orc_community_big_house_1,
          grunt_orc_community_big_house_2, grunt_orc_community_house_3,
          grunt_orc_community_house_1, grunt_orc_community_house_3,
          grunt_orc_community_house_2, grunt_orc_community_house_2,
          serial_shops, shop, shop, basic_altar, uniq_maurice
Elf:1:    orc_legates
Elf:2:    serial_shops, nicolae_shop_waterfront, uniq_nikola
Elf:3:    minmay_elf_hall_curves, serial_sigils, serial_sigils_hangedman_gnaw,
          serial_sigils_hangedman_shear, serial_sigils_hangedman_carve,
          serial_sigils_hangedman_stare, serial_sigils_hangedman_shear,
          basic_altar
Vaults:1: vaults_room_pool, nicolae_vaults_circle_grid_b,
          vaults_standard_mumra_x, hangedman_vaults_unwind,
          ontoclasm_vaults_fault, v_rooms_3, ontoclasm_vaults_hangar,
          hangedman_vaults_maws, vaults_dpeg_cross,
          nicolae_vaults_ninety_degrees, serial_shops, shop_statue, shop_statue,
          uniq_jorgrun
Vaults:2: hangedman_vaults_impose, vaults_room_door_hall, vaults_room_pools,
          ontoclasm_vaults_shuriken, st_greater_box_2, vaults_dpeg_diagonal,
          nicolae_vaults_border_crossing, vaults_room_corners,
          minmay_crypt_entry_vampire_xt, vaults_dpeg_ring
Vaults:3: hangedman_vaults_hat, vaults_room_fours, hangedman_vaults_stitches,
          nicolae_vaults_network_quinsquares, hangedman_vaults_corner_blocks,
          hangedman_vaults_river_flow, ontoclasm_vaults_ligature,
          st_spiral_rooms, vaults_dpeg_encased_lava,
          vaults_room_grunt_arrival_ludios, ontoclasm_vaults_ring_small,
          basic_altar
Vaults:4: vaults_room_boxed, v_misc_32, hangedman_vaults_stretched_pinwheel,
          nicolae_vaults_theta, nicolae_vaults_back_hallway,
          dpeg_vaults_monster_row, nicolae_vaults_ring_of_whatevers, v_misc_13,
          v_misc_17, nicolae_vaults_shelves_hall, v_misc_33,
          nicolae_vaults_what_the_h, hangedman_vaults_trim
Vaults:5: uniq_boris
Crypt:1:  mu_enter_wizlab_1, grunt_crypt_arrival_guarded_gate
Crypt:3:  church_of_pain_bobbens, tomb_entry_shell_bobbens, eino_tiny_chamber,
          st_stairs_5, corexii_leaking_fountain, grunt_ministairs_15
Tomb:1:   uniq_frederick, uniq_khufu
Depths:1: minmay_misc_feat_more_columns, grunt_metal_band, abyss_entry_crystal,
          kennysheep_generic_room_13
Depths:2: kennysheep_demon_jail, grunt_pan_entry_spiral,
          pf_hell_entry_tar_spiral, minmay_staircase_bubble, uniq_saint_roka
Depths:3: minmay_triangles_in_corner, hell_entry, pan_entry,
          serial_sigils_hangedman_clutch, enter_trove_2, spider_trap
Depths:4: minmay_three_patterns, enter_ziggurat_f, kennysheep_path_1,
          serial_shops, kennysheep_mini_moat,
          nicolae_abyss_entry_one_way_or_another, hell_entry,
          minmay_protected_statue, serial_bayou_shore_b
Depths:5: grunt_zot_entry_tricorne, grunt_hell_entry_dis_old,
          minmay_misc_feat_roman, abyss_entry_flame_altar, door_vault
Abyss:2:  evilmike_abyss_exit_2, bh_abyss_xom_lugonu_altar
Trove:    trove_simple
Sewer:    sewer_co_cracked_pipes
Volcano:  kennysheep_volcano_temple
WizLab:   wizlab_wucad

Skill      XL: |  1  2  3  4  5  6  7  8  9 10 11 12 13 14 15 16 17 18 19 20 21 22 23 24 25 26 27 |
---------------+----------------------------------------------------------------------------------+-----
Long Blades    | 3 4 6 8 9 11 12 13 14 15 16 | 16.0
Dodging        | 3 4 6 7 8 9 10 11 12 13 14 15 | 15.0
Fighting       | 4 5 6 7 9 10 11 12 13 14 15 16 17 | 17.1
Armour         | 1 3 5 6 8 9 10 11 12 13 15 | 15.3
Shields        | 4 5 7 8 9 10 11 12 13 15 | 15.7
Invocations    | 4 7 8 |  8.0
Stealth        | 3 6 7 8 |  8.0
Evocations     | 3 5 7 8 |  8.0
Summonings     | 6 9 11 13 14 15 16 | 16.5
Conjurations   | 6 9 11 13 14 15 16 | 16.5
Earth Magic    | 6 8 10 12 14 15 | 15.4
Spellcasting   | 6 8 10 12 13 14 15 | 15.3
Transmutations | 8 |  8.2

Action                   |  1- 3 |  4- 6 |  7- 9 | 10-12 | 13-15 | 16-18 | 19-21 | 22-24 | 25-27 || total
-------------------------+-------+-------+-------+-------+-------+-------+-------+-------+-------++-------
Melee: Falchion          |    91 |   215 |    47 |       |       |       |       |       |       ||   353
       Headbutt          |    14 |    47 |    93 |   184 |   415 |   561 |   677 |   753 |   878 ||  3622
       Dagger            |       |    14 |   229 |       |       |       |       |       |       ||   243
       Long sword        |       |       |    13 |       |       |       |       |       |       ||    13
       Scimitar          |       |       |   121 |   691 |  1535 |  1417 |  1133 |   254 |       ||  5151
       Great sword       |       |       |    16 |       |       |       |       |       |       ||    16
       Double sword      |       |       |       |       |       |       |   469 |    75 |   891 ||  1435
       Demon blade       |       |       |       |       |       |       |       |  1269 |  1042 ||  2311
       Kick              |       |       |       |       |       |       |       |       |    44 ||    44
 Cast: Aura of Abjuratio |       |       |       |       |       |       |       |     1 |    15 ||    16
       Statue Form       |       |       |       |       |       |       |       |       |     3 ||     3
Invok: Heroism           |       |       |     6 |     8 |    14 |    18 |     6 |     5 |     5 ||    62
       Finesse           |       |       |       |       |       |     6 |     2 |     2 |     4 ||    14
 Abil: Evoke Flight      |       |       |       |       |       |     1 |     4 |       |     1 ||     6
Evoke: Wand              |       |       |     1 |     1 |     1 |       |       |     5 |     1 ||     9
  Use: Scroll            |     2 |       |    12 |    17 |    22 |     9 |    18 |    26 |    20 ||   126
       Potion            |       |     3 |     1 |     2 |     3 |     3 |     3 |     6 |    17 ||    38
 Stab: Sleeping          |     7 |    19 |    15 |    37 |    62 |    30 |    62 |    27 |    31 ||   290
       Distracted        |     1 |     1 |       |     3 |     7 |    12 |    20 |    14 |    18 ||    76
       Invisible         |       |       |       |       |     6 |       |       |       |       ||     6
  Eat: Chunk             |     1 |    11 |    14 |    31 |    36 |    24 |    46 |    70 |    16 ||   249
       Fruit             |       |       |     1 |     1 |       |       |       |       |       ||     2
       Meat ration       |       |       |       |       |     1 |       |     1 |       |     2 ||     4
       Bread ration      |       |       |       |       |       |     3 |       |     1 |     4 ||     8
       Royal jelly       |       |       |       |       |       |       |     1 |       |     1 ||     2
Armor: Robe              |    17 |    23 |    50 |     4 |       |       |       |       |       ||    94
       Steam dragon scal |       |       |       |   129 |   163 |       |       |       |       ||   292
       Troll leather arm |       |       |       |       |   131 |   139 |   158 |    79 |       ||   507
       Fire dragon scale |       |       |       |       |       |       |       |   122 |   403 ||   525
       Skin              |       |       |       |       |       |       |       |       |    40 ||    40
Dodge: Dodged            |    69 |   167 |   285 |   407 |  1016 |   829 |   785 |   851 |   836 ||  5245
Block: Shield            |       |       |       |   234 |   767 |   741 |   797 |   984 |  1105 ||  4628
       Rpst.: Falchion   |    26 |    50 |     7 |       |       |       |       |       |       ||    83
       Scimitar          |       |       |    34 |   129 |   225 |   157 |   115 |    40 |       ||   700
       Long sword        |       |       |     2 |       |       |       |       |       |       ||     2
       Great sword       |       |       |     4 |       |       |       |       |       |       ||     4
       Double sword      |       |       |       |       |       |       |    45 |     6 |    49 ||   100
       Demon blade       |       |       |       |       |       |       |       |    98 |    85 ||   183
